 Dungeon Crawl Stone Soup version 0.20.0-10-g0535bb4 (webtiles) character file.

70 Scud the Caller (level 4, -6/30 HPs)
             Began as a Merfolk Summoner on June 2, 2017.
             Mangled by Natasha (9 damage)
             ... on level 3 of the Dungeon on June 3, 2017.
             The game lasted 00:36:41 (3671 turns).

Scud the Caller (Merfolk Summoner)                  Turns: 3671, Time: 00:36:41

Health: -6/30      AC:  2    Str:  8    XL:     4   Next: 21%
Magic:  8/8        EV: 13    Int: 15    God:
Gold:   158        SH:  0    Dex: 14    Spells: 3/9 levels left

rFire    + . .     SeeInvis .   (no weapon)
rCold    x . .     Gourm    .   (no shield)
rNeg     . . .     Faith    .   a - +0 robe
rPois    .         Spirit   .   (no helmet)
rElec    .         Reflect  .   (no cloak)
rCorr    .         Harm     .   (no gloves)
MR       +....                  (no boots)
Stlth    ++........             (no amulet)
Regen    0.1/turn               q - ring of fire
MPRegen  0.2/turn               r - ring of protection from magic

@: no status effects
A: change form in water, swift swim, stealthy swim
a: no special abilities


You were on level 3 of the Dungeon.
You were very hungry.

You visited 1 branch of the dungeon, and saw 3 of its levels.

You collected 158 gold pieces.

Inventory:

Armour
 a - a +0 robe (worn)
Jewellery
 o - an uncursed ring of ice {unknown}
 q - a ring of fire (left hand)
 r - a ring of protection from magic (right hand)
Scrolls
 d - 5 scrolls of identify {unknown}
 e - a scroll of fear {unknown}
 f - 2 scrolls of teleportation {unknown}
 g - 2 scrolls of remove curse {unknown}
 h - 3 scrolls of amnesia {unknown}
 i - a scroll of fog {unknown}
 m - a scroll of enchant armour {unknown}
 s - a scroll of blinking {unknown}
Potions
 c - a potion of haste
 j - a potion of lignification {unknown}
 k - a potion of agility {unknown}
 n - a potion of brilliance {unknown}
 p - a potion of invisibility {unknown}
Books
 b - a book of Callings

   Spells                             Type                      Level
   a - Summon Small Mammal            Summoning                    1
   b - Call Imp                       Summoning                    2
   c - Call Canine Familiar           Summoning                    3
   d - Summon Guardian Golem          Hexes/Summoning              3
   e - Summon Lightning Spire         Summoning/Air                4
   f - Summon Ice Beast               Ice/Summoning                4
Comestibles
 l - 2 meat rations
 t - a royal jelly


   Skills:
 - Level 2.6 Dodging
 - Level 2.1 Stealth
 - Level 0.2 Unarmed Combat
 + Level 3.0 Spellcasting
 + Level 0.2 Hexes
 + Level 4.9 Summonings


You had 3 spell levels left.
You knew the following spells:

 Your Spells              Type           Power        Failure   Level  Hunger
a - Summon Small Mammal   Summ           ###.         2%          1    #......
b - Summon Guardian Gole  Hex/Summ       #.......     21%         3    ###....
c - Call Imp              Summ           ###.....     4%          2    ##.....


Dungeon Overview and Level Annotations

Branches:
Dungeon (3/15)

Altars:

Annotations:
D:2 1 exclusion
D:3 Natasha


Message History

You closely miss the goblin. The goblin hits you with a dagger.
* * * LOW HITPOINT WARNING * * *
You hit the goblin.
The goblin is heavily wounded.
The goblin misses you.
You hit the goblin but do no damage.
The goblin is heavily wounded.
The goblin hits you but does no damage.
You hit the goblin.
The goblin is severely wounded.
The goblin misses you.
You hit the goblin.
You kill the goblin!
Your Spellcasting skill increases to level 3!
You see here a dagger.
You now have 158 gold pieces (gained 11).
Natasha, Servant of Life and Death comes into view.
Natasha hisses angrily.
Natasha claws you!
You die...

#..)# #...#
.#######...#
...........#
########..##
#..#
#########..#
...........#
......h@..##
###########


You could see Natasha.

Vanquished Creatures
  A leopard gecko (D:2)
  A jackal (D:1)
  A quokka (D:3)
  A bat (D:1)
  A frilled lizard (D:1)
  2 goblins
  2 rats
9 creatures vanquished.

Vanquished Creatures (collateral kills)
  A gnoll (D:1)
  An adder (D:2)
  5 oozes
  3 worms (D:2)
  2 dart slugs (D:1)
  A leopard gecko (D:2)
  A bat (D:1)
  3 giant cockroaches
  7 goblins
  7 hobgoblins
  7 jackals
  2 kobolds (D:2)
  A ball python (D:2)
  2 frilled lizards (D:1)
  4 rats
47 creatures vanquished.

Grand Total: 56 creatures vanquished

Notes
Turn   | Place    | Note
-------+----------+-------------------------------------------
     0 | D:1      | Scud the Merfolk Summoner began the quest for the Orb.
     0 | D:1      | Reached XP level 1. HP: 13/13 MP: 3/3
   520 | D:1      | Reached XP level 2. HP: 5/19 MP: 1/5
  1237 | D:1      | Upgraded the game from 0.20.0-8-g6b59dc7 to 0.20.0-10-g0535bb4
  2102 | D:1      | Reached XP level 3. HP: 10/24 MP: 1/6
  2107 | D:1      | Learned a level 3 spell: Summon Guardian Golem
  2526 | D:2      | Learned a level 2 spell: Call Imp
  3260 | D:2      | Reached XP level 4. HP: 30/30 MP: 4/8
  3655 | D:3      | HP: 1/30 [goblin/dagger (2)]
  3669 | D:3      | Noticed Natasha
  3671 | D:3      | Mangled by Natasha

Skill      XL: |  1  2  3  4 |
---------------+-------------+-----
Spellcasting   | 3 |  3.0
Dodging        | |  2.6
Stealth        | |  2.1
Unarmed Combat | |  0.2
Hexes          | |  0.2
Summonings     | |  4.9

Action                   |  1- 3 |  4- 6 || total
-------------------------+-------+-------++-------
Melee: Unarmed           |    78 |    45 ||   123
 Cast: Summon Small Mamm |    62 |       ||    62
       Call Imp          |    18 |     4 ||    22
       Summon Guardian G |     4 |       ||     4
 Stab: Sleeping          |     3 |       ||     3
       Distracted        |     2 |       ||     2
  Eat: Bread ration      |     1 |       ||     1
       Chunk             |     5 |     1 ||     6
Armor: Robe              |    23 |     1 ||    24
Dodge: Dodged            |    86 |    32 ||   118
